 Dungeon Crawl Stone Soup version 0.31-a0-1343-gcd514f47d3 (webtiles) character file.

Game seed: 11388845584783409438

5802 Impy the Fighter (level 10, 0/88 HPs)
             Began as a Barachi Hunter on Dec 22, 2023.
             Was an Initiate of Gozag.
             Killed from afar by an efreet (13 damage)
             ... with a fireball
             ... on level 8 of the Dungeon.
             The game lasted 00:13:26 (6538 turns).

Impy the Fighter (Barachi Hunter)                   Turns: 6538, Time: 00:13:27

Health: 0/88       AC:  6    Str: 12    XL:     10   Next: 79%
Magic:  10/10      EV: 27    Int: 12    God:    Gozag
Gold:   434        SH:  5    Dex: 17    Spells: 9/9 levels left

rFire   . . .        a - +1 shortbow (drain)
rCold   . . .        (shield currently unavailable)
rNeg    + . .        c - +0 leather armour
rPois   .            e - +1 helmet
rElec   +            A - +0 cloak {rCorr}
rCorr   +            (no gloves)
SInv    .            (no boots)
Will    .....        k - amulet of reflection
Stlth   ++           f - ring of Hedonism {rN+ EV+5 Int-2 Dex+2 Slay+2}
HPRegen 0.34/turn    z - ring "Zeisixoh" {rElec EV+5 Int+4 Dex-5 Slay+3}
MPRegen 0.12/turn

%: reflection
@: unable to hop, slow
A: amphibious, slowness 1, strong legs 1, +LOS
a: Hop, Renounce Religion, Potion Petition, Call Merchant, Bribe Branch


You were on level 8 of the Dungeon.
You worshipped Gozag.
Gozag was aware of your devotion.
You visited 2 branches of the dungeon, and saw 9 of its levels.

You collected 538 gold pieces.
You paid 104 gold pieces to Gozag.

Inventory:

Hand Weapons
 a - a +1 shortbow of draining (weapon)
 p - a +0 scythe
Armour
 c - a +0 leather armour (worn)
 e - a +1 helmet (worn)
 A - a +0 cloak of preservation (worn)
Jewellery
 f - the ring of Hedonism (left hand) {rN+ EV+5 Int-2 Dex+2 Slay+2}
   (You acquired it on level 1 of the Dungeon)

   [ring of evasion]

   EV+5:      It affects your evasion (+5).
   Int-2:     It affects your intelligence (-2).
   Dex+2:     It affects your dexterity (+2).
   Slay+2:    It affects your accuracy & damage with ranged weapons and melee
   (+2).
   rN+:       It protects you from negative energy.
 k - an amulet of reflection (around neck)
 l - a ring of willpower
 r - a ring of resist corrosion
 z - the ring "Zeisixoh" (right hand) {rElec EV+5 Int+4 Dex-5 Slay+3}
   (You found it on level 8 of the Dungeon)

   [ring of evasion]

   EV+5:      It affects your evasion (+5).
   Int+4:     It affects your intelligence (+4).
   Dex-5:     It affects your dexterity (-5).
   Slay+3:    It affects your accuracy & damage with ranged weapons and melee
   (+3).
   rElec:     It insulates you from electricity.
Wands
 m - a wand of mindburst (33)
 q - a wand of light (33)
 t - a wand of polymorph (12)
 x - a wand of paralysis (6)
Scrolls
 b - a scroll of enchant armour
 h - 3 scrolls of vulnerability
 o - 2 scrolls of teleportation
 v - a scroll of fog
 w - 2 scrolls of fear
 y - a scroll of amnesia
Potions
 d - 2 potions of heal wounds
 g - a potion of berserk rage
 i - 2 potions of invisibility
 j - 2 potions of resistance
 n - a potion of might {unknown}
 s - a potion of enlightenment {unknown}
 u - 2 potions of mutation {unknown}
 B - a potion of curing {unknown}
 C - a potion of magic {unknown}


   Skills:
 + Level 11.3 Fighting
 + Level 10.0 Ranged Weapons
 + Level 10.2 Dodging
 - Level 0.8 Stealth


You had 9 spell levels left.
You didn't know any spells.
Your spell library contained the following spells:

 Spells                   Type           Power      Damage    Failure   Level
 Slow                     Hex            0%         N/A       38%         1
 Blink                    Tloc           0%         N/A       54%         2
 Lesser Beckoning         Tloc           0%         N/A       54%         2
 Momentum Strike          Conj/Tloc      0%         3d8       54%         2
 Confusing Touch          Hex            0%         N/A       77%         3
 Sigil of Binding         Hex            0%         N/A       77%         3
 Vampiric Draining        Necr           0%         2d6       77%         3
 Olgreb's Toxic Radiance  Alch           0%         N/A       99%         4
 Summon Ice Beast         Ice/Summ       0%         N/A       99%         4
 Vhi's Electric Charge    Tloc/Air       0%         N/A       99%         4
 Arcjolt                  Conj/Air       0%         1d10      100%        5
 Summon Mana Viper        Hex/Summ       0%         N/A       100%        5
 Monstrous Menagerie      Summ           0%         N/A       100%        7
 Ozocubu's Refrigeration  Ice            0%         4d7       100%        7
 Discord                  Hex            0%         N/A       100%        8
 Maxwell's Capacitive Co  Air            0%         ∞         100%        8
 Polar Vortex             Ice            0%         N/A       100%        9
 Simulacrum               Ice/Necr       Unusable   N/A       N/A         6

Dungeon Overview and Level Annotations

Branches:
Dungeon (8/15)             Temple (1/1) D:7
   Lair: D:8-11

Altars:
Ashenzari
Cheibriados
Elyvilon
Gozag
Hepliaklqana
Kikubaaqudgha
Makhleb
Okawaru
Qazlal
Ru
Sif Muna
Trog
Vehumet
Xom
Yredelemnul
Zin

Shops:
D:1 [


Innate Abilities, Weirdness & Mutations

You are amphibious.
You cover ground slowly.
You can hop short distances.
You have an extended range of vision and can be seen from far away.


Message History

The orc closely misses you.
You shoot an arrow. The arrow hits the orc!
You kill the orc!
No target in view!
No target in view!
An efreet comes into view.
It is wielding a +1 scimitar of flaming.
You shoot an arrow. The arrow hits the efreet!
The efreet is lightly wounded.
You shoot an arrow.
The arrow hits the efreet but does no damage.
The efreet is lightly wounded.
The efreet misses you.
You shoot an arrow.
The arrow hits the efreet but does no damage.
The efreet is lightly wounded.
You hear a shout!
The efreet gestures at you.
The fireball explodes!
The fireball engulfs you!
The tree burns like a torch!
The fireball engulfs the efreet.
The efreet completely resists.
You hear an angry buzzing noise.
You hear a shout!
The forest fire spreads!
You shoot an arrow. The arrow hits the efreet.
The efreet is moderately wounded.
You are engulfed in blazing flames.
The efreet gestures at you.
The fireball explodes!
The fireball engulfs you!!
The fireball engulfs the efreet.
The efreet completely resists.
The forest fire spreads! x2
A centaur comes into view.
You are too injured to fight recklessly!
Okay, then.
Hop to where?
Press: ? - help, Dir - move target, p - efreet Boing!
You are engulfed in blazing flames.
* * * LOW HITPOINT WARNING * * *
The centaur moves out of view.
The forest fire spreads!
The efreet gestures at you.
The fireball explodes!
The fireball engulfs you!
You die...
Your body crumbles into a pile of gold.

#..####
#.....#
#..##.#
♣#.###.#
♣.#.# #.# ♣.
#.###.# #♣♣.
#.##..#
#§°§♣♣#.##.##
#°§§§♣.@##.#
#$§R§§°.##.#
#$§§§§°..#.#
#♣§§♣♣#....#
♣♣c♣ #..###
♣♣. #..#
♣.#.[# ♣#..#
#.##


You could see an efreet.

Vanquished Creatures
  Maurice (D:8)
  A hornet (D:7)
  12 yaks
  Sigmund (D:6)
  A shadow (D:5)
  A steam dragon (D:8)
  2 water moccasins
  Duvessa (D:6)
  2 black bears (D:6)
  An orc warrior (D:8)
  2 sky beasts
  An ice beast (D:6)
  A centaur (D:7)
  2 ogres
  A phantom (D:5)
  2 kobold brigands
  A bullfrog (D:7)
  4 scorpions
  Dowan (D:6)
  10 wights
  A killer bee (D:5)
  2 howler monkeys
  3 hounds
  An orc priest (D:3)
  A jelly (D:6)
  2 sleepcaps (D:7)
  An iguana (D:6)
  8 orc wizards
  6 gnolls
  8 adders
  4 white imps
  2 bombardier beetles
  4 ufetubi (D:6)
  3 worms
  3 dart slugs
  16 orcs
  7 endoplasms
  7 giant cockroaches
  10 goblins
  2 hobgoblins
  13 kobolds
  4 quokkas
  8 ball pythons
  7 bats
  3 frilled lizards
  4 rats
178 creatures vanquished.

Notes
Turn   | Place    | Note
-------+----------+-------------------------------------------
     0 | D:1      | Impy the Barachi Hunter began the quest for the Orb.
     0 | D:1      | Reached XP level 1. HP: 17/17 MP: 1/1
   118 | D:1      | Identified a scroll of acquirement
   118 | D:1      | Acquired the ring of Hedonism {rN+ EV+5 Int-2 Dex+2 Slay+2}
   162 | D:1      | Reached XP level 2. HP: 21/23 MP: 2/2
   308 | D:1      | Reached skill level 3 in Fighting
   400 | D:1      | Found Anluaddata's Antique Armour Emporium.
   757 | D:2      | Reached XP level 3. HP: 29/29 MP: 3/3
  1148 | D:3      | Reached XP level 4. HP: 35/35 MP: 4/4
  1169 | D:3      | Reached skill level 4 in Fighting
  1273 | D:3      | Reached XP level 5. HP: 42/42 MP: 5/5
  1289 | D:3      | Reached skill level 5 in Ranged Weapons
  1298 | D:3      | Identified the +9 spear of the Lame Duck {speed, Fly rC-
                  | rN+ Stlth+}
  1475 | D:3      | Reached XP level 6. HP: 33/49 MP: 6/6
  1760 | D:3      | Found a faded altar of an unknown god.
  1764 | D:3      | Found a radiant altar of Vehumet.
  2097 | D:4      | Found a shimmering blue altar of Sif Muna.
  2103 | D:4      | Found a bloodstained altar of Trog.
  2141 | D:4      | Reached skill level 5 in Fighting
  2732 | D:4      | Found a shimmering altar of Xom.
  2921 | D:5      | Entered Level 5 of the Dungeon
  2932 | D:5      | Reached XP level 7. HP: 55/56 MP: 7/7
  2944 | D:5      | Reached skill level 5 in Dodging
  3014 | D:5      | Noticed a shadow
  3034 | D:5      | Killed a shadow
  3035 | D:5      | Reached skill level 6 in Fighting
  3325 | D:5      | Reached XP level 8. HP: 62/65 MP: 8/8
  3870 | D:6      | Reached skill level 7 in Fighting
  3936 | D:6      | Noticed Duvessa
  3937 | D:6      | Noticed Dowan
  3954 | D:6      | Killed Duvessa
  3957 | D:6      | Killed Dowan
  4131 | D:6      | Noticed a yak
  4132 | D:6      | Noticed a yak
  4133 | D:6      | Noticed a yak
  4149 | D:6      | Noticed a yak
  4150 | D:6      | Killed a yak
  4151 | D:6      | Reached skill level 8 in Fighting
  4151 | D:6      | Reached XP level 9. HP: 64/74 MP: 9/9
  4229 | D:6      | Found an iron altar of Okawaru.
  4384 | D:6      | Noticed Sigmund
  4388 | D:6      | Killed Sigmund
  4389 | D:6      | Reached skill level 9 in Fighting
  4818 | D:7      | Noticed a hornet
  5088 | D:7      | Reached skill level 10 in Fighting
  5088 | D:7      | Reached XP level 10. HP: 67/85 MP: 10/10
  5483 | D:7      | Found a white marble altar of Elyvilon.
  5587 | D:7      | Found a staircase to the Ecumenical Temple.
  5618 | Temple   | Entered the Ecumenical Temple
  5630 | Temple   | Became a worshipper of Gozag Ym Sagoz the Greedy
  5814 | D:7      | Found a broken altar of Ashenzari.
  6158 | D:8      | Identified the ring "Zeisixoh" {rElec EV+5 Int+4 Dex-5
                  | Slay+3}
  6180 | D:8      | Found an ancient bone altar of Kikubaaqudgha.
  6199 | D:8      | Noticed Maurice
  6214 | D:8      | Killed Maurice
  6215 | D:8      | Reached skill level 11 in Fighting
  6215 | D:8      | Reached skill level 10 in Dodging
  6485 | D:8      | Reached skill level 10 in Ranged Weapons
  6538 | D:8      | Killed from afar by an efreet

Illustrated notes

Levels and vault maps discovered:
D:1:      dpeg_arrival_windows_large_door, layout_loops_ring, serial_shops,
          nicolae_shop_tiny_real_fake_doors
D:2:      layout_basic, minivault_24, chequers_serial_rivers_micro_d,
          minmay_domino_2
D:3:      layout_basic, nicolae_overflow_ecumenical_swirl,
          dreamdust_mushroom_princess
D:4:      layout_loops_ring, hellmonk_overflow_destroyed_library,
          xom_teletrap_fun, serial_aquarium, aquarium_bridge_straight
          [aquarium_subvault_bridge, aquarium_subvault_window,
          aquarium_subvault_bridge, aquarium_subvault_balcony],
          aquarium_bridge_square [aquarium_subvault_window,
          aquarium_subvault_bridge, aquarium_subvault_bridge,
          aquarium_subvault_wall], aquarium_window_corridor_3,
          aquarium_window_1, aquarium_window_1, aquarium_view_2a,
          aquarium_view_2e, aquarium_pool_2
D:5:      kennysheep_big_flooded_room, layout_basic
D:6:      layout_basic, mainiacjoe_overflow_brackets, uniq_duvessa, uniq_sigmund
D:7:      layout_loops_ring, nicolae_elyvilon_peaceful_grove,
          nicolae_ashenzari_skybound, minmay_temple_entry_glass,
          minmay_small_thing
D:8:      nzn_winding_woodlands_medium [nzn_winding_woodlands_5x5_checkerboard,
          nzn_winding_woodlands_5x15_concentric,
          nzn_winding_woodlands_5x5_perimeter, nzn_winding_woodlands_hourglass,
          nzn_winding_woodlands_center_triple_pond,
          nzn_winding_woodlands_5x5_open_star,
          nzn_winding_woodlands_5x5_closed_star,
          nzn_winding_woodlands_5x15_sawtooth, nzn_winding_woodlands_5x5_cross],
          layout_loops_cross, kennysheep_little_box, mainiacjoe_overflow_paths,
          grunt_livestock, uniq_jeremiah, uniq_maurice
Temple:   hellmonk_temple_of_storms

Skill      XL: |  1  2  3  4  5  6  7  8  9 10 |
---------------+-------------------------------+-----
Fighting       | 3 4 5 6 8 10 11 | 11.3
Dodging        | 3 4 5 7 9 10 | 10.2
Ranged Weapons | 5 6 7 9 10 | 10.0
Stealth        | |  0.8

Action                     |  1- 3 |  4- 6 |  7- 9 | 10-12 || total
---------------------------+-------+-------+-------+-------++-------
   Fire: Shortbow          |    89 |   144 |   238 |   163 ||   634
Ability: Hop               |       |       |     1 |     1 ||     2
         Begin Untransform |       |       |       |     1 ||     1
    Use: Scroll            |     7 |     5 |     7 |       ||    19
         Potion            |       |     1 |     1 |       ||     2
 Armour: Leather armour    |    17 |    34 |    38 |    32 ||   121
  Dodge: Dodged            |    17 |    31 |    96 |    51 ||   195
  Block: Other             |     2 |     7 |    18 |    18 ||    45
         Reflection        |       |       |       |     1 ||     1
   Form: Flux              |       |       |       |     1 ||     1

Table legend: (Time is in decaauts)
 A = Elapsed time spent in this place.
 B = Non-inter-level travel time spent in this place.
 C = Inter-level travel time spent in this place.
 D = Time resting spent in this place.
 E = Time spent auto-exploring this place.
 F = Levels seen in this place.
 G = Mean time per level.
                   A        B        C        D        E       F      G
               +--------+--------+--------+--------+--------+-----+--------+
         Total |   7475 |   7124 |    351 |    137 |   5776 |   9 |  830.6 |
       Dungeon |   7450 |   7108 |    342 |    137 |   5776 |   8 |  931.2 |
        Temple |     24 |     15 |      9 |      0 |      0 |   1 |   24.0 |
               +--------+--------+--------+--------+--------+-----+--------+

Top non-repeatable levels by time:
     D:6: 1326 daAuts
     D:7: 1214 daAuts
     D:5: 1077 daAuts
     D:4: 1076 daAuts
     D:3: 1036 daAuts
     D:1: 809 daAuts
     D:2: 462 daAuts
     D:8: 447 daAuts
  Temple: 24 daAuts
